 Dungeon Crawl Stone Soup version 0.29-a0-362-g5854e031c7 (webtiles) character file.

Game seed: 7516681655285165552

219 croobank the Covert (level 5, -1/47 HPs)
             Began as a Gnoll Delver on Apr 29, 2022.
             Killed by divine providence
             ... invoked by an orc priest
              (14 damage)
             ... on level 4 of the Dungeon.
             The game lasted 00:14:04 (3590 turns).

croobank the Covert (Gnoll Delver)                  Turns: 3590, Time: 00:14:05

Health: -1/47      AC:  4    Str: 12    XL:     5   Next: 96%
Magic:  7/7        EV: 13    Int: 11    God:
Gold:   96         SH:  0    Dex: 13    Spells: 6/7 levels left

rFire   . . .      SeeInvis .   a - +0 hand axe
rCold   . . .      Faith    .   (no shield)
rNeg    . . .      Spirit   .   b - +0 leather armour
rPois   .          Reflect  .   t - +0 helmet
rElec   .          Harm     .   (no cloak)
rCorr   .          Rampage  .   (no gloves)
Will    .....                   (no boots)
Stlth   ++++......              y - amulet of regeneration
HPRegen 0.95/turn               (no ring)
MPRegen 0.10/turn               (no ring)

@: no status effects
A: fangs 1, strong nose, distributed training
a: no special abilities


You were on level 4 of the Dungeon.
You visited 1 branch of the dungeon, and saw 5 of its levels.

You collected 96 gold pieces.

Inventory:

Hand Weapons
 a - a +0 hand axe (weapon)
 o - a +0 quarterstaff
 s - a +0 dagger
 z - a +0 vampiric whip
 C - a +0 vampiric dagger
Missiles
 k - 10 boomerangs (quivered)
 u - 154 stones
Armour
 b - a +0 leather armour (worn)
 r - an orb of mayhem
 t - a +0 helmet (worn)
Magical Staves
 w - a staff of fire
Jewellery
 y - an amulet of regeneration (around neck)
Wands
 g - a wand of digging (3)
Scrolls
 c - 3 scrolls of fog
 d - a scroll of magic mapping
 e - a scroll of fear
 h - 2 scrolls of identify
 i - a scroll of enchant armour {unknown}
 j - 4 scrolls of teleportation {unknown}
 l - a scroll of summoning {unknown}
 m - 2 scrolls of immolation {unknown}
 q - a scroll of blinking {unknown}
 v - a scroll of brand weapon {unknown}
 x - a scroll of vulnerability {unknown}
Potions
 f - 2 potions of haste
 n - a potion of curing
 p - a potion of berserk rage
 A - a potion of ambrosia
 B - a potion of invisibility {unknown}


   Skills:
 + Level 6.7 Fighting
 + Level 1.7 Short Blades
 + Level 1.7 Long Blades
 + Level 4.9 Axes
 + Level 1.7 Maces & Flails
 + Level 1.7 Polearms
 + Level 1.7 Staves
 + Level 1.7 Slings
 + Level 1.7 Bows
 + Level 1.7 Crossbows
 + Level 1.7 Throwing
 + Level 1.7 Armour
 + Level 4.9 Dodging
 + Level 9.7 Stealth
 + Level 1.7 Shields
 + Level 1.7 Unarmed Combat
 + Level 1.7 Spellcasting
 + Level 1.3 Conjurations
 + Level 1.3 Hexes
 + Level 1.3 Summonings
 + Level 1.3 Necromancy
 + Level 1.3 Translocations
 + Level 1.3 Transmutations
 + Level 1.3 Fire Magic
 + Level 1.3 Ice Magic
 + Level 1.3 Air Magic
 + Level 1.3 Earth Magic
 + Level 1.3 Poison Magic
 + Level 1.9 Invocations
 + Level 1.7 Evocations


You had 6 spell levels left.
You knew the following spells:

 Your Spells              Type           Power      Damage    Failure   Level
a - Shock                 Conj/Air       12%        1d3       22%         1

Your spell library contained the following spells:

 Spells                   Type           Power      Damage    Failure   Level
 Conjure Flame            Conj/Fire      3%         6-21      54%         3
 Ignite Poison            Fire/Tmut/Pois 3%         N/A       54%         3
 Swiftness                Air            3%         N/A       54%         3
 Airstrike                Air            1%         N/A       91%         4
 Sticky Flame             Conj/Fire      3%         2d3       91%         4


Dungeon Overview and Level Annotations

Branches:
Dungeon (5/15)             Temple (0/1) D:4

Altars:

Shops:
D:2 [

Annotations:
D:4 Edmund, Natasha


Innate Abilities, Weirdness & Mutations

You have very sharp teeth.
Your uncanny sense of smell can sniff out nearby items.
Your experience applies equally to all skills.


Message History

You hit the orc.
The orc is moderately wounded.
You hit the orc. The orc misses you.
You hit the orc but do no damage.
The orc is moderately wounded.
You completely miss the orc. The orc hits you with a +0 mace.
The orc closely misses you.
You hit the orc.
The orc is heavily wounded.
You barely miss the orc. The orc barely misses you.
The orc priest calls upon Beogh to heal the orc.
The orc's wounds heal themselves!
You hit the orc but do no damage. x2; The orc hits you but does no damage.
The orc priest invokes the aid of Beogh against you.
Beogh smites you!
You hit the orc.
The orc is almost dead.
You closely miss the orc. The orc barely misses you.
The orc hits you with a +4 flail!
You hit the orc.
You kill the orc!
You hit the orc. The orc misses you.
The orc priest invokes the aid of Beogh against you.
Beogh smites you!
* * * LOW HITPOINT WARNING * * *
The orc attacks as you move away! The orc hits you but does no damage.
The orc attacks as you move away! The orc hits you but does no damage.
You barely miss the orc.
The orc is heavily wounded.
The orc barely misses you.
The orc priest calls upon Beogh to heal the orc.
The orc's wounds heal themselves!
You closely miss the orc. You punch the orc, but do no damage.
You bite the orc, but do no damage. You barely miss the orc priest.
You hit the orc. The orc hits you with a +0 mace.
* * * LOW HITPOINT WARNING * * *
The orc priest mumbles some strange prayers to Beogh against you.
Beogh smites you!
You die...

.....## #.##. ....... #.#.. ..#..
##...## .... .....# ..# #...#
#####).### # #...#
#...o....###.##.?≈≈
######...######.oo##..........P≈≈
##........)..##.@.###..##....P≈≈≈
.............<...............P≈≈≈
##...........##.....#..##....≈≈≈≈
..####...######........# ...≈o≈≈
..# #...# ##.#..##.# ##.≈P≈≈≈ ..#
#...# #.#..##.# #.h(P≈≈≈ ..#
#...# #.#..##.# #.P≈≈≈≈≈ ..#
##.########.#.###.###..P≈≈≈≈
..####..........K..#..K.....≈≈≈≈≈


You could see an orc priest and 2 orcs.

Vanquished Creatures
  A scorpion (D:3)
  A hound (D:3)
  Robin (D:2)
  A gnoll (D:3)
  5 adders
  A white imp (D:4)
  A worm (D:5)
  3 orcs
  4 ball pythons
  2 endoplasms
  4 giant cockroaches
  10 goblins
  7 hobgoblins
  4 kobolds
  A quokka (D:1)
  A bat (D:1)
  4 frilled lizards (D:2)
  A rat (D:1)
52 creatures vanquished.

Vanquished Creatures (others)
  5 plants (D:4)
5 creatures vanquished.

Grand Total: 57 creatures vanquished

Notes
Turn   | Place    | Note
-------+----------+-------------------------------------------
     0 | D:5      | Reached skill level 9 in Stealth
     0 | D:5      | croobank the Gnoll Delver began the quest for the Orb.
     0 | D:5      | Reached XP level 1. HP: 23/23 MP: 1/1
    59 | D:4      | Noticed Natasha
   198 | D:2      | Reached XP level 2. HP: 27/29 MP: 2/2
   895 | D:1      | Reached XP level 3. HP: 35/35 MP: 3/3
  1098 | D:2      | Noticed Robin
  1617 | D:1      | Reached skill level 1 in Invocations
  1796 | D:2      | Killed Robin
  1797 | D:2      | Reached skill level 1 in Short Blades
  1797 | D:2      | Reached skill level 1 in Long Blades
  1797 | D:2      | Reached skill level 1 in Maces & Flails
  1797 | D:2      | Reached skill level 1 in Polearms
  1797 | D:2      | Reached skill level 1 in Staves
  1797 | D:2      | Reached skill level 1 in Slings
  1797 | D:2      | Reached skill level 1 in Bows
  1797 | D:2      | Reached skill level 1 in Crossbows
  1797 | D:2      | Reached skill level 1 in Throwing
  1797 | D:2      | Reached skill level 1 in Armour
  1797 | D:2      | Reached skill level 1 in Shields
  1797 | D:2      | Reached skill level 1 in Unarmed Combat
  1797 | D:2      | Reached skill level 1 in Spellcasting
  1797 | D:2      | Reached skill level 1 in Evocations
  1822 | D:2      | Found a faded altar of an unknown god.
  2009 | D:2      | Learned a level 1 spell: Shock
  2039 | D:2      | Reached XP level 4. HP: 23/41 MP: 5/5
  2279 | D:2      | Found Niwo's Armour Emporium.
  2939 | D:3      | Reached skill level 1 in Conjurations
  2939 | D:3      | Reached skill level 1 in Hexes
  2939 | D:3      | Reached skill level 1 in Summonings
  2939 | D:3      | Reached skill level 1 in Necromancy
  2939 | D:3      | Reached skill level 1 in Translocations
  2939 | D:3      | Reached skill level 1 in Transmutations
  2939 | D:3      | Reached skill level 1 in Fire Magic
  2939 | D:3      | Reached skill level 1 in Ice Magic
  2939 | D:3      | Reached skill level 1 in Air Magic
  2939 | D:3      | Reached skill level 1 in Earth Magic
  2939 | D:3      | Reached skill level 1 in Poison Magic
  3137 | D:4      | Noticed Edmund
  3176 | D:4      | Reached XP level 5. HP: 36/47 MP: 6/6
  3259 | D:4      | Found a staircase to the Ecumenical Temple.
  3467 | D:4      | Noticed a lemure
  3469 | D:4      | Noticed a lemure
  3469 | D:4      | Noticed a lemure
  3590 | D:4      | Killed from afar by an orc priest

Illustrated notes

Levels and vault maps discovered:
D:1:      onia_arrival_mini_spirals, layout_basic
D:2:      layout_basic, chequers_ecumenical_altar_simple, serial_shops,
          nicolae_shop_stone, uniq_robin
D:3:      layout_basic, skrybe_limestone_x,
          nicolae_concentric_dashed_squares_wild
D:4:      layout_loops_cross, minmay_temple_entry_large_hall,
          chequers_big_river, uniq_pikel, uniq_natasha, uniq_edmund,
          uniq_menkaure
D:5:      layout_basic, slow_altar_1

Skill      XL: |  1  2  3  4 |
---------------+-------------+-----
Stealth        | |  9.7
Invocations    | 1 |  1.9
Short Blades   | 1 |  1.7
Long Blades    | 1 |  1.7
Maces & Flails | 1 |  1.7
Polearms       | 1 |  1.7
Staves         | 1 |  1.7
Slings         | 1 |  1.7
Bows           | 1 |  1.7
Crossbows      | 1 |  1.7
Throwing       | 1 |  1.7
Armour         | 1 |  1.7
Shields        | 1 |  1.7
Unarmed Combat | 1 |  1.7
Spellcasting   | 1 |  1.7
Evocations     | 1 |  1.7
Conjurations   | 1 |  1.3
Hexes          | 1 |  1.3
Summonings     | 1 |  1.3
Necromancy     | 1 |  1.3
Translocations | 1 |  1.3
Transmutations | 1 |  1.3
Fire Magic     | 1 |  1.3
Ice Magic      | 1 |  1.3
Air Magic      | 1 |  1.3
Earth Magic    | 1 |  1.3
Poison Magic   | 1 |  1.3
Fighting       | |  6.7
Axes           | |  4.9
Dodging        | |  4.9

Action                   |  1- 3 |  4- 6 || total
-------------------------+-------+-------++-------
Melee: Hand axe          |   103 |    27 ||   130
       Bite              |    10 |    17 ||    27
       Punch             |     2 |     2 ||     4
       Dagger            |       |   115 ||   115
       Whip              |       |    24 ||    24
 Cast: Shock             |       |     3 ||     3
  Use: Scroll            |     2 |     3 ||     5
       Potion            |       |     3 ||     3
 Stab: Sleeping          |     9 |     2 ||    11
Armor: Leather armour    |    24 |    41 ||    65
Dodge: Dodged            |    85 |   123 ||   208

Table legend: (Time is in decaauts)
 A = Elapsed time spent in this place.
 B = Non-inter-level travel time spent in this place.
 C = Inter-level travel time spent in this place.
 D = Time resting spent in this place.
 E = Time spent auto-exploring this place.
 F = Levels seen in this place.
 G = Mean time per level.
                   A        B        C        D        E       F      G
               +--------+--------+--------+--------+--------+-----+--------+
         Total |   3586 |   3434 |    152 |    856 |   1647 |   5 |  717.2 |
       Dungeon |   3586 |   3434 |    152 |    856 |   1647 |   5 |  717.2 |
               +--------+--------+--------+--------+--------+-----+--------+

Top non-repeatable levels by time:
     D:1: 1402 daAuts
     D:2: 918 daAuts
     D:3: 866 daAuts
     D:4: 339 daAuts
     D:5: 59 daAuts
